[ AOE2 MATCH · #457086775 ]
Team RMBritons vs Mongols
[ REPLAY ANALYSIS · EXTRACTED FROM THE RECORDED GAME ]
Feudal
16:21
Castle
20:16
Imperial
34:50
| APM avg | 41.4 |
| APM peak | 81 |
| eAPM avg | 21.0 |
| Villagers / military | 185 / 195 |
Focus
⚔️ 33.2% · 🌾 66.8%
Spearman ×96 · Longbowman ×91 · Trebuchet (Packed) ×5 · Battering Ram ×3
Feudal
—
Castle
—
Imperial
—
| APM avg | 49.5 |
| APM peak | 131 |
| eAPM avg | 25.6 |
| Villagers / military | 187 / 272 |
Focus
⚔️ 44.5% · 🌾 55.5%
Scout Cavalry ×106 · Mangudai ×105 · Camel Scout ×31 · Battering Ram ×16 · Mangonel ×9 · Trade Cart ×8
Feudal
15:00
Castle
22:23
Imperial
48:24
| APM avg | 49.5 |
| APM peak | 105 |
| eAPM avg | 25.4 |
| Villagers / military | 166 / 223 |
Focus
⚔️ 25.9% · 🌾 74.1%
Knight ×187 · Battering Ram ×18 · Spearman ×12 · Teutonic Knight ×3 · Scout Cavalry ×2 · Mangonel ×1
Feudal
—
Castle
—
Imperial
—
| APM avg | 11.0 |
| APM peak | 25 |
| eAPM avg | 7.0 |
| Villagers / military | 66 / 87 |
Focus
⚔️ 29.2% · 🌾 70.8%
Tarkan ×53 · Cavalry Archer ×33 · Archer ×1 · Trade Cart ×1
Match map
Initial resources + every placement click. Lines = walls · curves = elevation contours. ◆ gold · ⬟ stone · ● berries · ✦ relic · ◌ wall gap
Your base· Open — unwalled flank
Haze42020's base· Open — unwalled flank
Tempest's base· Open — unwalled flank
KentaviousJR's base· Open — unwalled flank
Smoothed initial terrain · ◌ = detected wall gap · hover for details
Inputs per minute
— Gunter777 - - Haze42020
Build order — Gunter777
First 150 of 564 actions detected
| 2:04 | Build | Town Center |
| 2:17 | Build | House |
| 2:19 | Build | House |
| 3:59 | Create | Villager (Male) |
| 3:59 | Create | Villager (Male) |
| 3:59 | Create | Villager (Male) |
| 4:00 | Create | Villager (Male) |
| 4:00 | Create | Villager (Male) |
| 5:02 | Create | Villager (Male) |
| 5:19 | Create | Villager (Male) |
| 5:19 | Create | Villager (Male) |
| 6:51 | Create | Villager (Male) |
| 7:20 | Create | Villager (Male) |
| 7:21 | Create | Villager (Male) |
| 7:21 | Create | Villager (Male) |
| 7:41 | Create | Villager (Male) |
| 7:42 | Create | Villager (Male) |
| 8:05 | Research | Loom |
| 8:05 | Create | Villager (Male) |
| 8:05 | Create | Villager (Male) |
| 8:10 | Create | Villager (Male) |
| 8:11 | Create | Villager (Male) |
| 8:31 | Create | Villager (Male) |
| 8:31 | Create | Villager (Male) |
| 8:41 | Build | House |
| 8:43 | Create | Villager (Male) |
| 8:44 | Create | Villager (Male) |
| 9:05 | Create | Villager (Male) |
| 9:06 | Create | Villager (Male) |
| 9:16 | Create | Villager (Male) |
| 9:32 | Create | Villager (Male) |
| 10:11 | Build | Lumber Camp |
| 10:14 | Create | Villager (Male) |
| 10:37 | Create | Villager (Male) |
| 11:06 | Create | Villager (Male) |
| 11:06 | Create | Villager (Male) |
| 11:32 | Build | House |
| 11:57 | Create | Villager (Male) |
| 12:01 | Build | Mining Camp |
| 12:08 | Create | Villager (Male) |
| 12:51 | Create | Villager (Male) |
| 13:15 | Create | Villager (Male) |
| 13:43 | Create | Villager (Male) |
| 13:47 | Create | Villager (Male) |
| 14:11 | Research | Feudal Age |
| 14:29 | Build | House |
| 14:30 | Build | House |
| 15:01 | Create | Villager (Male) |
| 15:08 | Build | Mill |
| 16:21 | Age | Feudal Age |
| 16:26 | Build | Market |
| 16:39 | Build | Blacksmith |
| 16:41 | Create | Villager (Male) |
| 17:03 | Create | Villager (Male) |
| 17:15 | Research | Double-Bit Axe |
| 17:21 | Research | Castle Age |
| 17:28 | Create | Villager (Male) |
| 17:44 | Create | Villager (Male) |
| 17:58 | Build | Mining Camp |
| 18:25 | Research | Stone Mining |
| 19:27 | Create | Villager (Male) |
| 19:48 | Create | Villager (Male) |
| 20:16 | Age | Castle Age |
| 20:26 | Build | House |
| 20:28 | Build | House |
| 20:31 | Research | Bow Saw |
| 20:32 | Create | Villager (Male) |
| 22:06 | Build | Castle |
| 22:19 | Create | Villager (Male) |
| 22:19 | Create | Villager (Male) |
| 22:23 | Build | House |
| 22:25 | Build | House |
| 22:50 | Build | Town Center |
| 22:53 | Create | Villager (Male) |
| 23:28 | Build | House |
| 23:29 | Build | House |
| 23:33 | Create | Villager (Male) |
| 23:33 | Create | Villager (Male) |
| 23:41 | Create | Villager (Male) |
| 23:41 | Create | Villager (Male) |
| 23:41 | Create | Villager (Male) |
| 23:58 | Build | Siege Workshop |
| 24:02 | Create | Longbowman |
| 24:02 | Create | Longbowman |
| 24:24 | Build | Mill |
| 24:36 | Create | Villager (Male) |
| 24:36 | Create | Villager (Male) |
| 24:40 | Create | Longbowman |
| 24:40 | Create | Longbowman |
| 24:41 | Create | Longbowman |
| 24:49 | Build | Lumber Camp |
| 25:01 | Create | Longbowman |
| 25:32 | Create | Villager (Male) |
| 25:32 | Create | Villager (Male) |
| 25:37 | Create | Battering Ram |
| 25:40 | Create | Longbowman |
| 25:40 | Create | Longbowman |
| 26:06 | Build | Barracks |
| 26:08 | Build | House |
| 26:10 | Build | House |
| 26:16 | Create | Battering Ram |
| 26:22 | Create | Villager (Male) |
| 26:22 | Create | Villager (Male) |
| 26:25 | Build | Farm |
| 26:25 | Build | Farm |
| 26:39 | Create | Longbowman |
| 26:39 | Create | Longbowman |
| 27:08 | Build | Mill |
| 27:12 | Create | Battering Ram |
| 27:14 | Create | Longbowman |
| 27:18 | Create | Villager (Male) |
| 27:19 | Create | Villager (Male) |
| 27:19 | Create | Villager (Male) |
| 27:19 | Create | Villager (Male) |
| 28:01 | Build | Farm |
| 28:01 | Build | Farm |
| 28:01 | Build | Farm |
| 28:06 | Build | House |
| 28:35 | Build | University |
| 28:39 | Build | House |
| 28:45 | Build | Palisade Wall |
| 28:49 | Build | Farm |
| 29:03 | Create | Villager (Male) |
| 29:03 | Create | Villager (Male) |
| 29:03 | Create | Villager (Male) |
| 29:08 | Build | Farm |
| 29:12 | Build | Farm |
| 29:13 | Build | Farm |
| 29:17 | Build | Farm |
| 29:17 | Build | Farm |
| 29:28 | Create | Longbowman |
| 29:29 | Create | Longbowman |
| 29:49 | Build | Farm |
| 29:55 | Research | Horse Collar |
| 30:10 | Build | Farm |
| 30:18 | Build | Palisade Wall |
| 30:20 | Build | Palisade Wall |
| 30:23 | Create | Villager (Male) |
| 30:23 | Create | Villager (Male) |
| 30:31 | Build | Stable |
| 31:11 | Build | Farm |
| 31:40 | Research | Imperial Age |
| 31:52 | Build | Town Center |
| 31:56 | Create | Villager (Male) |
| 31:56 | Create | Villager (Male) |
| 32:10 | Build | Mill |
| 32:11 | Build | Farm |
| 32:12 | Build | Farm |
| 32:13 | Build | Farm |
| 32:13 | Build | Farm |
Build order — Haze42020
First 150 of 648 actions detected
| 1:18 | Build | Town Center |
| 3:02 | Build | House |
| 3:14 | Create | Villager (Male) |
| 3:14 | Create | Villager (Male) |
| 3:15 | Create | Villager (Male) |
| 3:26 | Build | Mill |
| 3:32 | Create | Villager (Male) |
| 4:10 | Build | House |
| 5:06 | Create | Villager (Male) |
| 5:21 | Create | Villager (Male) |
| 5:53 | Create | Villager (Male) |
| 6:02 | Create | Villager (Male) |
| 6:26 | Create | Villager (Male) |
| 6:56 | Create | Villager (Male) |
| 7:14 | Create | Villager (Male) |
| 8:05 | Create | Villager (Male) |
| 8:07 | Create | Villager (Male) |
| 8:12 | Build | House |
| 8:48 | Create | Villager (Male) |
| 9:09 | Build | Mining Camp |
| 9:17 | Create | Villager (Male) |
| 9:27 | Create | Villager (Male) |
| 9:53 | Create | Villager (Male) |
| 10:17 | Create | Villager (Male) |
| 10:22 | Build | House |
| 10:43 | Create | Villager (Male) |
| 10:49 | Research | Feudal Age |
| 11:24 | Build | Mill |
| 13:32 | Create | Villager (Male) |
| 13:32 | Create | Villager (Male) |
| 13:52 | Build | Blacksmith |
| 13:58 | Build | Market |
| 14:12 | Build | Market |
| 14:21 | Create | Villager (Male) |
| 14:38 | Research | Loom |
| 15:38 | Research | Castle Age |
| 16:52 | Create | Villager (Male) |
| 16:59 | Build | House |
| 17:53 | Build | House |
| 17:54 | Build | House |
| 18:27 | Build | Castle |
| 18:53 | Build | Mining Camp |
| 18:56 | Create | Villager (Male) |
| 19:09 | Create | Villager (Male) |
| 19:36 | Create | Villager (Male) |
| 19:45 | Build | Farm |
| 19:45 | Build | Farm |
| 19:45 | Build | Farm |
| 19:47 | Create | Mangudai |
| 19:48 | Create | Villager (Male) |
| 19:57 | Research | Gold Mining |
| 20:01 | Create | Villager (Male) |
| 20:06 | Build | Lumber Camp |
| 20:18 | Create | Mangudai |
| 20:28 | Create | Mangudai |
| 20:35 | Build | House |
| 20:37 | Create | Mangudai |
| 20:50 | Build | House |
| 21:05 | Create | Mangudai |
| 21:07 | Create | Villager (Male) |
| 21:09 | Create | Mangudai |
| 21:17 | Create | Villager (Male) |
| 21:21 | Build | University |
| 21:24 | Build | House |
| 21:32 | Research | Fletching |
| 21:37 | Create | Villager (Male) |
| 22:07 | Create | Villager (Male) |
| 22:26 | Create | Villager (Male) |
| 22:29 | Create | Mangudai |
| 22:58 | Research | Bodkin Arrow |
| 23:11 | Create | Villager (Male) |
| 23:46 | Create | Villager (Male) |
| 23:46 | Create | Villager (Male) |
| 23:47 | Create | Villager (Male) |
| 24:05 | Create | Mangudai |
| 24:27 | Create | Villager (Male) |
| 24:43 | Create | Villager (Male) |
| 24:45 | Create | Mangudai |
| 25:08 | Create | Mangudai |
| 25:08 | Create | Villager (Male) |
| 25:12 | Research | Ballistics |
| 25:30 | Create | Villager (Male) |
| 25:38 | Create | Mangudai |
| 25:39 | Create | Mangudai |
| 26:01 | Create | Villager (Male) |
| 26:52 | Create | Villager (Male) |
| 26:53 | Create | Villager (Male) |
| 26:59 | Create | Mangudai |
| 27:57 | Create | Villager (Male) |
| 28:04 | Create | Villager (Male) |
| 28:10 | Build | Siege Workshop |
| 28:16 | Create | Villager (Male) |
| 28:17 | Create | Mangudai |
| 28:32 | Create | Mangudai |
| 28:53 | Create | Villager (Male) |
| 29:13 | Create | Villager (Male) |
| 29:30 | Build | Siege Workshop |
| 29:45 | Create | Villager (Male) |
| 30:10 | Build | Town Center |
| 30:16 | Build | Mill |
| 30:20 | Build | Farm |
| 30:20 | Build | Farm |
| 30:20 | Build | Farm |
| 30:20 | Build | Farm |
| 30:21 | Build | Farm |
| 30:21 | Build | Farm |
| 30:21 | Build | Farm |
| 30:25 | Build | Farm |
| 30:25 | Build | Farm |
| 30:25 | Build | Farm |
| 30:25 | Build | Farm |
| 30:25 | Build | Farm |
| 30:26 | Build | Farm |
| 30:29 | Build | House |
| 30:30 | Build | House |
| 30:32 | Build | House |
| 30:33 | Build | House |
| 30:38 | Create | Villager (Male) |
| 30:39 | Create | Villager (Male) |
| 30:39 | Create | Villager (Male) |
| 30:48 | Research | Double-Bit Axe |
| 30:52 | Research | Horse Collar |
| 31:02 | Create | Villager (Male) |
| 31:07 | Build | Town Center |
| 31:08 | Create | Villager (Male) |
| 31:29 | Create | Villager (Male) |
| 31:35 | Create | Villager (Male) |
| 31:53 | Build | Town Center |
| 31:55 | Create | Villager (Male) |
| 31:55 | Create | Villager (Male) |
| 31:59 | Create | Villager (Male) |
| 31:59 | Create | Villager (Male) |
| 32:02 | Create | Villager (Male) |
| 32:04 | Build | House |
| 32:05 | Build | House |
| 32:41 | Create | Villager (Male) |
| 32:44 | Create | Villager (Male) |
| 33:12 | Create | Villager (Male) |
| 33:13 | Create | Villager (Male) |
| 33:17 | Research | Wheelbarrow |
| 33:39 | Create | Villager (Male) |
| 33:40 | Create | Mangudai |
| 33:41 | Create | Mangonel |
| 33:42 | Create | Battering Ram |
| 33:52 | Create | Mangonel |
| 33:52 | Create | Villager (Male) |
| 34:03 | Create | Villager (Male) |
| 34:12 | Create | Villager (Male) |
| 34:13 | Create | Villager (Male) |
| 34:21 | Build | Barracks |
Build order — Tempest
First 150 of 558 actions detected
| 2:04 | Build | Town Center |
| 3:56 | Create | Villager (Male) |
| 3:56 | Create | Villager (Male) |
| 3:57 | Create | Villager (Male) |
| 3:57 | Create | Villager (Male) |
| 3:57 | Create | Villager (Male) |
| 4:00 | Build | House |
| 4:01 | Build | House |
| 4:02 | Build | House |
| 4:03 | Build | House |
| 5:12 | Create | Villager (Male) |
| 6:10 | Create | Villager (Male) |
| 6:10 | Create | Villager (Male) |
| 6:15 | Build | Mill |
| 6:36 | Create | Villager (Male) |
| 6:48 | Create | Villager (Male) |
| 7:14 | Create | Villager (Male) |
| 7:33 | Create | Villager (Male) |
| 7:56 | Create | Villager (Male) |
| 8:36 | Create | Villager (Male) |
| 8:43 | Create | Villager (Male) |
| 9:49 | Create | Villager (Male) |
| 9:50 | Create | Villager (Male) |
| 9:50 | Create | Villager (Male) |
| 9:52 | Create | Villager (Male) |
| 9:56 | Create | Villager (Male) |
| 10:27 | Build | Lumber Camp |
| 10:31 | Create | Villager (Male) |
| 11:07 | Create | Villager (Male) |
| 11:35 | Build | House |
| 11:36 | Build | House |
| 12:13 | Research | Feudal Age |
| 12:29 | Build | Mining Camp |
| 13:50 | Build | Farm |
| 13:51 | Build | Farm |
| 13:52 | Build | Farm |
| 13:52 | Build | Farm |
| 13:53 | Build | Farm |
| 13:54 | Build | Farm |
| 14:57 | Build | Mill |
| 15:00 | Age | Feudal Age |
| 15:04 | Research | Double-Bit Axe |
| 15:08 | Create | Villager (Male) |
| 15:09 | Create | Villager (Male) |
| 15:09 | Create | Villager (Male) |
| 15:15 | Create | Villager (Male) |
| 16:11 | Research | Wheelbarrow |
| 16:14 | Research | Gold Mining |
| 16:21 | Research | Stone Mining |
| 16:46 | Build | Lumber Camp |
| 16:54 | Build | Market |
| 17:25 | Build | Barracks |
| 17:54 | Build | Blacksmith |
| 17:56 | Create | Villager (Male) |
| 17:56 | Create | Villager (Male) |
| 18:05 | Create | Villager (Male) |
| 18:10 | Create | Spearman |
| 18:10 | Create | Spearman |
| 19:03 | Build | House |
| 19:04 | Build | House |
| 19:07 | Build | House |
| 19:16 | Create | Villager (Male) |
| 19:36 | Research | Castle Age |
| 20:38 | Build | House |
| 20:40 | Build | House |
| 20:52 | Create | Spearman |
| 20:52 | Create | Spearman |
| 21:08 | Research | Horse Collar |
| 22:06 | Build | Farm |
| 22:23 | Age | Castle Age |
| 22:42 | Create | Villager (Male) |
| 22:42 | Create | Villager (Male) |
| 22:42 | Create | Villager (Male) |
| 22:42 | Create | Villager (Male) |
| 22:43 | Create | Villager (Male) |
| 22:46 | Create | Villager (Male) |
| 22:56 | Build | Castle |
| 23:14 | Create | Spearman |
| 23:15 | Research | Pikeman (upgrade) |
| 23:16 | Research | Squires |
| 23:26 | Create | Spearman |
| 23:26 | Create | Spearman |
| 24:09 | Create | Teutonic Knight |
| 24:09 | Create | Teutonic Knight |
| 24:13 | Create | Teutonic Knight |
| 24:26 | Create | Spearman |
| 24:28 | Create | Spearman |
| 24:28 | Create | Spearman |
| 24:42 | Build | Farm |
| 24:58 | Build | Mill |
| 25:02 | Build | Farm |
| 25:02 | Build | Farm |
| 25:04 | Build | Farm |
| 25:06 | Build | Farm |
| 25:25 | Create | Villager (Male) |
| 26:05 | Create | Spearman |
| 26:05 | Create | Spearman |
| 26:44 | Create | Villager (Male) |
| 26:56 | Create | Villager (Male) |
| 26:56 | Create | Villager (Male) |
| 27:03 | Build | Farm |
| 27:03 | Build | Farm |
| 27:11 | Build | Farm |
| 27:12 | Build | Farm |
| 27:13 | Build | Farm |
| 27:13 | Build | Farm |
| 28:30 | Create | Villager (Male) |
| 28:30 | Create | Villager (Male) |
| 28:31 | Create | Villager (Male) |
| 28:31 | Create | Villager (Male) |
| 29:05 | Create | Villager (Male) |
| 29:35 | Create | Villager (Male) |
| 29:35 | Create | Villager (Male) |
| 29:48 | Build | Stable |
| 29:58 | Build | Town Center |
| 30:43 | Build | Mining Camp |
| 30:54 | Create | Villager (Male) |
| 31:08 | Research | Heavy Plow |
| 31:23 | Create | Scout Cavalry |
| 31:27 | Build | Farm |
| 31:37 | Build | Lumber Camp |
| 31:39 | Create | Villager (Male) |
| 31:43 | Build | Farm |
| 31:51 | Create | Villager (Male) |
| 31:51 | Create | Villager (Male) |
| 32:06 | Build | Farm |
| 32:19 | Build | Farm |
| 32:22 | Create | Villager (Male) |
| 32:22 | Create | Villager (Male) |
| 32:23 | Create | Villager (Male) |
| 32:30 | Create | Villager (Male) |
| 32:30 | Create | Villager (Male) |
| 32:35 | Build | Farm |
| 32:53 | Build | Town Center |
| 33:02 | Build | Farm |
| 33:15 | Build | Farm |
| 33:23 | Build | Mining Camp |
| 33:41 | Build | Stable |
| 33:45 | Create | Scout Cavalry |
| 34:32 | Create | Villager (Male) |
| 34:32 | Create | Villager (Male) |
| 34:32 | Create | Villager (Male) |
| 34:35 | Create | Villager (Male) |
| 34:35 | Create | Villager (Male) |
| 34:35 | Create | Villager (Male) |
| 34:36 | Create | Villager (Male) |
| 34:36 | Create | Villager (Male) |
| 34:38 | Create | Villager (Male) |
| 35:02 | Build | Farm |
| 35:35 | Build | Farm |
Build order — KentaviousJR
First 150 of 178 actions detected
| 2:04 | Build | Town Center |
| 4:22 | Create | Villager (Male) ×4 |
| 5:24 | Create | Villager (Male) |
| 6:17 | Create | Villager (Male) |
| 6:42 | Create | Villager (Male) |
| 8:20 | Create | Villager (Male) ×2 |
| 8:27 | Create | Villager (Male) |
| 8:27 | Create | Villager (Male) |
| 8:28 | Create | Villager (Male) |
| 9:11 | Create | Villager (Male) |
| 10:23 | Build | Mill |
| 10:49 | Create | Villager (Male) |
| 10:50 | Create | Villager (Male) |
| 10:57 | Build | Lumber Camp |
| 11:51 | Create | Villager (Male) |
| 11:51 | Create | Villager (Male) |
| 11:52 | Create | Villager (Male) |
| 12:31 | Create | Villager (Male) |
| 13:36 | Research | Feudal Age |
| 15:55 | Build | Barracks |
| 16:18 | Create | Villager (Male) |
| 16:18 | Create | Villager (Male) |
| 16:18 | Create | Villager (Male) |
| 16:24 | Research | Double-Bit Axe |
| 17:04 | Build | Archery Range |
| 17:07 | Build | Blacksmith |
| 17:14 | Create | Villager (Male) |
| 17:51 | Create | Villager (Male) |
| 17:51 | Create | Villager (Male) |
| 17:57 | Research | Horse Collar |
| 18:20 | Build | Mill |
| 18:30 | Create | Villager (Male) |
| 18:31 | Create | Villager (Male) |
| 19:12 | Create | Villager (Male) |
| 19:13 | Create | Villager (Male) |
| 20:02 | Create | Villager (Male) |
| 20:27 | Create | Archer |
| 22:06 | Research | Castle Age |
| 22:31 | Build | Mining Camp |
| 22:44 | Build | Farm |
| 22:45 | Build | Farm |
| 22:46 | Build | Farm |
| 22:48 | Build | Farm |
| 22:49 | Build | Farm |
| 22:55 | Build | Farm |
| 24:30 | Research | Fletching |
| 25:05 | Build | Town Center |
| 25:10 | Create | Villager (Male) |
| 25:11 | Create | Villager (Male) |
| 25:36 | Research | Wheelbarrow |
| 25:53 | Research | Stone Mining |
| 25:55 | Research | Gold Mining |
| 26:08 | Create | Villager (Male) |
| 26:08 | Create | Villager (Male) |
| 26:39 | Build | Lumber Camp |
| 27:29 | Create | Villager (Male) |
| 27:45 | Research | Loom |
| 29:06 | Build | Archery Range |
| 29:12 | Build | Blacksmith |
| 29:36 | Build | Castle |
| 29:49 | Build | Mill |
| 31:10 | Create | Tarkan |
| 32:03 | Create | Villager (Male) |
| 32:04 | Create | Villager (Male) |
| 32:12 | Create | Cavalry Archer |
| 32:12 | Create | Cavalry Archer |
| 32:24 | Build | Market |
| 33:07 | Create | Villager (Male) |
| 33:07 | Create | Villager (Male) |
| 33:08 | Create | Villager (Male) |
| 33:08 | Create | Villager (Male) |
| 33:40 | Research | Hand Cart |
| 34:49 | Create | Villager (Male) |
| 34:50 | Create | Villager (Male) |
| 35:05 | Build | Town Center |
| 35:43 | Create | Trade Cart |
| 35:55 | Create | Villager (Male) |
| 35:55 | Create | Villager (Male) |
| 36:00 | Create | Villager (Male) |
| 36:00 | Create | Villager (Male) |
| 36:58 | Create | Villager (Male) |
| 36:58 | Create | Villager (Male) |
| 37:00 | Create | Villager (Male) |
| 37:06 | Create | Cavalry Archer |
| 37:07 | Create | Cavalry Archer |
| 37:08 | Create | Cavalry Archer |
| 37:08 | Create | Cavalry Archer |
| 37:10 | Create | Cavalry Archer |
| 37:39 | Build | Farm |
| 37:40 | Build | Farm |
| 37:40 | Build | Farm |
| 37:41 | Build | Farm |
| 37:42 | Build | Farm |
| 37:43 | Build | Farm |
| 40:01 | Create | Villager (Male) |
| 40:01 | Create | Villager (Male) |
| 40:02 | Create | Villager (Male) |
| 42:12 | Build | Town Center |
| 42:48 | Create | Villager (Male) |
| 42:52 | Research | Imperial Age |
| 43:06 | Create | Villager (Male) |
| 43:27 | Create | Villager (Male) |
| 43:27 | Create | Villager (Male) |
| 43:49 | Build | Archery Range |
| 43:58 | Build | Stable |
| 44:24 | Build | Mining Camp |
| 44:52 | Build | Blacksmith |
| 45:58 | Build | Market |
| 46:07 | Research | Imperial Age |
| 46:20 | Create | Cavalry Archer |
| 46:20 | Create | Cavalry Archer |
| 46:21 | Create | Cavalry Archer |
| 46:22 | Create | Cavalry Archer |
| 46:27 | Research | Bloodlines |
| 46:35 | Research | Bodkin Arrow |
| 47:25 | Build | Archery Range |
| 48:10 | Build | Castle |
| 48:13 | Build | Mining Camp |
| 49:35 | Research | Marauders |
| 49:39 | Create | Tarkan ×5 |
| 49:41 | Create | Tarkan ×3 |
| 51:06 | Create | Cavalry Archer ×5 |
| 51:06 | Create | Cavalry Archer ×4 |
| 51:59 | Build | Mill |
| 52:29 | Create | Cavalry Archer |
| 52:30 | Create | Cavalry Archer |
| 52:41 | Create | Tarkan |
| 52:42 | Create | Tarkan |
| 52:58 | Create | Villager (Male) |
| 52:58 | Create | Villager (Male) |
| 52:59 | Create | Villager (Male) |
| 54:05 | Research | Thumb Ring |
| 54:09 | Create | Cavalry Archer |
| 54:10 | Create | Cavalry Archer |
| 55:44 | Build | Farm |
| 55:44 | Build | Farm |
| 55:46 | Build | Farm |
| 55:54 | Build | Lumber Camp |
| 56:11 | Build | Farm |
| 56:11 | Build | Farm |
| 56:12 | Build | Farm |
| 56:13 | Build | Farm |
| 56:19 | Build | Farm |
| 57:10 | Create | Villager (Male) |
| 57:11 | Create | Villager (Male) |
| 58:03 | Research | Tech 2 |
| 58:16 | Create | Villager (Male) |
| 58:17 | Create | Villager (Male) |
| 58:25 | Build | Farm |
| 58:26 | Build | Farm |
Match timeline
| 15:00 | Tempest · age_up feudal |
| 15:55 | KentaviousJR · first_building Barracks |
| 16:21 | Gunter777 · age_up feudal |
| 17:04 | KentaviousJR · first_building Archery Range |
| 17:25 | Tempest · first_building Barracks |
| 18:27 | Haze42020 · first_building Castle |
| 20:16 | Gunter777 · age_up castle |
| 20:56 | Gunter777 · first_market_sell 100 food |
| 20:59 | Gunter777 · first_market_buy 100 stone |
| 22:06 | Gunter777 · first_building Castle |
| 22:15 | Haze42020 · first_market_buy 100 food |
| 22:23 | Tempest · age_up castle |
| 22:56 | Tempest · first_building Castle |
| 23:58 | Gunter777 · first_building Siege Workshop |
| 24:06 | Gunter777 · tribute_sent a jugador 1 |
| 24:06 | Gunter777 · tribute_sent a jugador 2 |
| 24:06 | Gunter777 · tribute_sent a jugador 3 |
| 25:33 | Tempest · tribute_sent a jugador 1 |
| 25:33 | Tempest · tribute_sent a jugador 3 |
| 25:33 | Tempest · tribute_sent a jugador 4 |
| 26:06 | Gunter777 · first_building Barracks |
| 28:10 | Haze42020 · first_building Siege Workshop |
| 28:45 | Gunter777 · wall_segment Palisade Wall x3 |
| 29:36 | KentaviousJR · first_building Castle |
| 29:48 | Tempest · first_building Stable |
| 30:18 | Gunter777 · wall_segment Palisade Wall x6 |
| 30:20 | Gunter777 · wall_segment Palisade Wall x8 |
| 30:31 | Gunter777 · first_building Stable |
| 34:21 | Haze42020 · first_building Barracks |
| 34:50 | Gunter777 · age_up imperial |
| 38:25 | Haze42020 · first_market_sell 500 wood |
| 40:43 | Haze42020 · first_building Stable |
| 42:41 | KentaviousJR · first_market_buy 100 food |
| 43:58 | KentaviousJR · first_building Stable |
| 46:01 | Haze42020 · first_building Archery Range |
| 48:24 | Tempest · age_up imperial |
| 54:03 | Tempest · first_market_sell 100 wood |
| 57:33 | KentaviousJR · first_market_sell 500 wood |
| 60:00 | Tempest · first_building Siege Workshop |
| 62:18 | Tempest · first_building Monastery |
| 69:31 | Haze42020 · resign |
[ AI ANALYSIS · 1 CREDIT ]
What really happened in this match?
Wolo.gg analyzes every decision: build order, eco, micro, common mistakes by bracket. Personalized analysis on WhatsApp or Discord in 30 seconds.
Civ guide
Britons
Map guide
African Clearing
Perfil
Jugador #20803552